 Dungeon Crawl Stone Soup version 0.31-a0-150-g89dc3ad700 (webtiles) character file.

Game seed: 15604562884492716300

46 qw the Shooter (level 3, 0/31 HPs)
             Began as a Minotaur Hunter on June 8, 2023.
             Slain by a goblin
             ... wielding a +0 club
             ... led by Robin
              (5 damage)
             ... on level 2 of the Dungeon.
             The game lasted 00:00:33 (1020 turns).

qw the Shooter (Minotaur Hunter)                    Turns: 1020, Time: 00:00:34

Health: 0/31       AC:  5    Str: 15    XL:     3   Next: 46%
Magic:  2/2        EV: 11    Int:  6    God:
Gold:   94         SH:  0    Dex: 15    Spells: 2/2 levels left

rFire   + . .        Y - +0 shortbow
rCold   . . .        (shield currently unavailable)
rNeg    . . .        j - +0 ring mail
rPois   .            (helmet restricted)
rElec   .            (no cloak)
rCorr   .            (no gloves)
SInv    .            (no boots)
Will    .....        (no amulet)
Stlth   +            (no ring)
HPRegen 0.25/turn    (no ring)
MPRegen 0.08/turn

%: no passive effects
@: no status effects
A: horns 2, retaliatory headbutt, fire resistance 1, evolution 1
a: no special abilities


You were on level 2 of the Dungeon.
You visited 1 branch of the dungeon, and saw 2 of its levels.

You collected 94 gold pieces.


Innate Abilities, Weirdness & Mutations

You have a pair of horns on your head.
You reflexively headbutt those who attack you in melee.
Your flesh is heat resistant. (rF+)
You have hidden genetic potential.


   Skills:
 - Level 3.0 Fighting
 + Level 5.4 Ranged Weapons
 - Level 1.1 Armour
 - Level 2.1 Dodging
 - Level 0.7 Stealth


You had 2 spell levels left.
You didn't know any spells.
Your spell library was empty.

Inventory:

Hand Weapons
 Y - a +0 shortbow (weapon)
Armour
 j - a +0 ring mail (worn)
Scrolls
 a - a scroll of identify
 b - a scroll of amnesia {unknown}
Potions
 h - 2 potions of mutation
 l - a potion of heal wounds {unknown}
 m - a potion of curing {unknown}

Dungeon Overview and Level Annotations

Branches:
Dungeon (2/15)

Altars:

Annotations:
D:2 Jessica, Robin


Message History

You shoot an arrow. The arrow hits the goblin!
You kill the goblin!
Robin throws the goblin at you! The goblin hits you with a club.
The goblin completely misses you. Robin hits you but does no damage.
You shoot an arrow. The arrow closely misses the goblin.
The goblin no longer looks unusually strong.
Robin roars a battlecry!
The goblin goes into a battle-frenzy!
The goblin completely misses you.
You shoot an arrow. The arrow barely misses the goblin.
Robin hits you from afar with a +0 trident of protection.
The goblin hits you but does no damage.
You shoot an arrow. The arrow hits the goblin!
You kill the goblin!
Robin completely misses you.
You shoot an arrow. The arrow hits Robin.
Robin is severely wounded.
Robin throws the goblin at you! x2; The goblin hits you but does no damage.
The goblin shouts!
You shoot an arrow.
The arrow hits the goblin but does no damage.
The goblin hits you with a +0 dagger. x2
Robin roars a battlecry!
The goblin goes into a battle-frenzy!
You shoot an arrow. The arrow barely misses the goblin.
The goblin misses you. The goblin hits you but does no damage.
Robin hits you but does no damage.
You shoot an arrow. The arrow hits the goblin.
The goblin is heavily wounded.
You hear a shout!
The goblin barely misses you.
Robin hits you from afar with a +0 trident of protection.
The goblin barely misses you. You furiously retaliate!
You headbutt the goblin, but do no damage.
You shoot an arrow. The arrow hits the goblin!
You kill the goblin!
Robin throws the goblin at you! The goblin closely misses you.
You furiously retaliate!
You headbutt the goblin. The goblin hits you with a club.
You die...

#..#...#.<# #
#..#..#.#.##### ..
###..............
...
.........#.#####
.... ##..........#
.....####......##.#
..@gg.g)#......# .#
.....##%#...##.##.#
.@. #@##..#.....# .
#gg......####
#..#..#.##
#..#..#.#
....#.....
.##.##...#.. ..
#.##..###.. .
#.###.. .## #. #..
..


You could see Robin and 2 goblins.

Vanquished Creatures
  5 endoplasms (D:1)
  A giant cockroach (D:1)
  11 goblins
  5 hobgoblins
  4 jackals (D:1)
  A kobold (D:1)
  A quokka (D:1)
  7 ball pythons
  2 frilled lizards (D:1)
  3 rats (D:1)
40 creatures vanquished.

Notes
Turn   | Place    | Note
-------+----------+-------------------------------------------
     0 | D:1      | qw the Minotaur Hunter began the quest for the Orb.
     0 | D:1      | Reached XP level 1. HP: 18/18 MP: 0/0
     0 | D:1      | 0 ||| qw: Version: 0.2-a-119-g7aa9181
     0 | D:1      | 0 ||| qw: Game counter: 2823
     0 | D:1      | 0 ||| qw: Always use a shield: true
     0 | D:1      | 0 ||| qw: God list: Okawaru
     0 | D:1      | 0 ||| qw: Allow faded altars: false
     0 | D:1      | 0 ||| qw: Do Orc after D:15 true
     0 | D:1      | 0 ||| qw: Do second Lair branch before Depths: true
     0 | D:1      | 0 ||| qw: Lair rune preference: random
     0 | D:1      | 0 ||| qw: Plans: Normal
     0 | D:1      | 0 ||| PLANNING D:1-11
    99 | D:1      | Reached XP level 2. HP: 25/25 MP: 1/1
   109 | D:1      | Reached skill level 5 in Ranged Weapons
   295 | D:1      | Reached skill level 3 in Fighting
   588 | D:1      | Reached XP level 3. HP: 31/31 MP: 2/2
   692 | D:1      | 692 ||| UPGRADING to +0 ring mail.
   702 | D:1      | 702 ||| DROPPING +0 leather armour.
   703 | D:1      | 703 ||| READING 2 scrolls labelled XIUFOE OFIOXO.
   704 | D:1      | 704 ||| READING scroll labelled ZEUME ITHUQUJ.
   705 | D:1      | 705 ||| READING scroll labelled ICIRPH APLURCHOLL.
   706 | D:1      | 706 ||| READING scroll labelled XOD ROUBRA.
   707 | D:1      | 707 ||| READING 2 scrolls labelled BYUBOLL HANGUE.
   708 | D:1      | 708 ||| DRINKING 2 emerald potions.
   709 | D:1      | 709 ||| DRINKING 3 fizzy yellow potions.
   709 | D:1      | Gained mutation: You have hidden genetic potential. [potion
                  | of mutation]
   709 | D:1      | Gained mutation: Your flesh is heat resistant. (rF+)
                  | [potion of mutation]
   710 | D:1      | 710 ||| DROPPING scroll of butterflies.
   711 | D:1      | 711 ||| DROPPING potion of enlightenment.
   712 | D:1      | 712 ||| DROPPING scroll of immolation.
   714 | D:1      | 714 ||| Stepping ~*~*~tactically~*~*~ (cloud).
   775 | D:1      | 775 ||| FLEEEEING.
   992 | D:2      | Noticed Jessica
   992 | D:2      | Identified the +2 helmet of the Tundras {rF+}
   992 | D:2      | Noticed Robin
   993 | D:2      | 993 ||| Stepping ~*~*~tactically~*~*~ (outnumbered).
   995 | D:2      | 995 ||| Stepping ~*~*~tactically~*~*~ (outnumbered).
  1000 | D:2      | Reached skill level 1 in Armour
  1019 | D:2      | HP: 4/31 [Robin/+0 trident of protection (5)]
  1020 | D:2      | Slain by a goblin

Levels and vault maps discovered:
D:1:      dpeg_arrival_more_subterranean_lakeside_camping, layout_basic,
          minmay_hexomino_f4
D:2:      layout_loops_ring, grunt_decor_fettered, uniq_jessica, uniq_robin

Skill      XL: |  1  2  3 |
---------------+----------+-----
Ranged Weapons | 5 |  5.4
Fighting       | 3 |  3.0
Armour         | 1 |  1.1
Dodging        | |  2.1
Stealth        | |  0.7

Action                     || total
---------------------------++-------
   Fire: Shortbow          ||   106
    Use: Scroll            ||     5
         Potion            ||     2
 Armour: Leather armour    ||     7
         Ring mail         ||    13
  Dodge: Dodged            ||    36

Table legend:
 A = Non-vault XP
 B = Vault XP
 C = Vault XP percentage of total XP
 D = Non-vault monster count
 E = Vault monster count
 F = Vault count percentage of total count
                 A         B        C        D         E       F
            +---------+---------+-------+---------+---------+-------
      Total |      50 |      19 |  27.5 |      29 |      11 |  27.5
            +---------+---------+-------+---------+---------+-------
        D:1 |      46 |       4 |   8.0 |      27 |       3 |  10.0
        D:2 |       4 |      15 |  78.9 |       2 |       8 |  80.0
            +---------+---------+-------+---------+---------+-------
